 Dungeon Crawl Stone Soup version 0.20-a0-430-gb54fec0 (webtiles) character file.

189 taqueso the Skirmisher (level 5, 42/42 HPs)
             Began as a Demonspawn Berserker on Jan 10, 2017.
             Was a Believer of Trog.
             Quit the game on level 4 of the Dungeon.
             The game lasted 00:06:36 (4149 turns).

taqueso the Skirmisher (Demonspawn Berserker)       Turns: 4149, Time: 00:06:37

Health: 42/42      AC:  8    Str: 17    XL:     5   Next: 40%
Magic:  14/14      EV: 10    Int:  9    God:    Trog [**....]
Gold:   218        SH:  0    Dex: 13    Spells: 4/4 levels left

rFire  + . .     SeeInvis .       - Unarmed
rCold  . . .     Gourm    .     w - +0 chain mail
rNeg   . . .     Faith    .     (no shield)
rPois  .         Spirit   .     (helmet restricted)
rElec  .         Reflect  .     (no cloak)
rCorr  .         Harm     .     (no gloves)
MR     .....                    (no boots)
Stlth  ..........               (no amulet)
                                (no ring)
                                p - ring of magical power

@: no status effects
A: antennae 1, repulsion field 1, fire resistance 1, powered by death 1
a: Berserk, Trog's Hand, Burn Spellbooks, Renounce Religion


You were on level 4 of the Dungeon.
You worshipped Trog.
Trog was pleased with you.
You were not hungry.

You visited 1 branch of the dungeon, and saw 4 of its levels.

You collected 218 gold pieces.

Inventory:

Missiles
 c - 12 poisoned needles
 f - 114 stones (quivered)
 r - 7 needles of confusion
Armour
 a - a +0 animal skin
 u - a +0 ring mail
 w - a +0 chain mail (worn)
Jewellery
 p - a ring of magical power (left hand)
Scrolls
 d - 3 scrolls of enchant armour {unknown}
 e - 6 scrolls of identify {unknown}
 h - a scroll of magic mapping {unknown}
 i - 2 scrolls of teleportation {unknown}
 j - 2 scrolls of immolation {unknown}
 m - 2 scrolls of remove curse {unknown}
Potions
 k - 2 potions of curing {unknown}
 l - 2 potions of degeneration {unknown}
 n - 2 potions of invisibility {unknown}
 o - a potion of cancellation {unknown}
 s - a potion of mutation {unknown}
 v - a potion of agility {unknown}
 x - a potion of might {unknown}
 z - a potion of flight {unknown}
Comestibles
 b - 3 bread rations {@e1}
 q - a meat ration
 t - a slice of pizza


   Skills:
 + Level 3.7 Fighting
 + Level 2.2 Throwing
 + Level 2.2 Armour
 + Level 2.5 Dodging
 + Level 1.4 Stealth
 * Level 3.3 Unarmed Combat


You had 4 spell levels left.
You didn't know any spells.

Dungeon Overview and Level Annotations

Branches:
Dungeon (4/15)
 Temple: D:4-7

Altars:


Innate Abilities, Weirdness & Mutations

You have a pair of small antennae on your head.
You are surrounded by a mild repulsion field. (EV +2)
Your flesh is heat resistant. (rF+)
You regenerate a little health from kills.


Message History

There is a stone staircase leading up here.
You open the door.
There is an open door here.
You open the door.
There is an open door here.
z - a purple potion You open the door.
There is an open door here.
You now have 218 gold pieces (gained 8).
All of the chunks of flesh in your inventory have rotted away.
Done exploring.
Done exploring.
Done exploring.
Done exploring.
There is an open door here.
There is an open door here.
There is an open door here.
You found a teleport trap!
You can't go down here!
Are you sure you want to abandon this character and quit the game? (Confirm with "yes".)

#####..(.##.....####...#######
..###....##.....####...####..##
...#.....#.........#..........#
...+.....#.........#..........#
...#.....#.........#..........#
...#.....#.........+..........#
...#####.####...####.####.##+####
...##.##.####...####.####.#......
.......#........@.....'...#......
.......#.........^....#...'......
.......#..............#...#......
.......#..............#...#......
.......#..............#...#......
#####.##.####..####'#######......
...##.##.####..#.............####
....#<....#....#............<#...
....#.....#....#.............#...


There were no monsters in sight!

Vanquished Creatures
  A hound (D:4)
  A bullfrog skeleton (D:4)
  A worker ant (D:4)
  3 adders
  An ooze (D:1)
  An adder skeleton (D:4)
  A worm (D:2)
  2 leopard geckos (D:3)
  2 orcs (D:4)
  10 bats
  3 giant cockroaches
  6 goblins
  6 hobgoblins
  7 jackals
  2 quokkas
  A frilled lizard (D:2)
  15 kobolds
  A quokka skeleton (D:4)
  4 rats
68 creatures vanquished.

Notes
Turn   | Place    | Note
-------+----------+-------------------------------------------
     0 | D:1      | taqueso the Demonspawn Berserker began the quest for the Orb.
     0 | D:1      | Reached XP level 1. HP: 18/18 MP: 1/1
   269 | D:1      | Gained mutation: You have a pair of small antennae on your head. [demonic ancestry]
   269 | D:1      | Reached XP level 2. HP: 20/24 MP: 2/2
   422 | D:1      | HP: 4/24 [hobgoblin (4)]
   426 | D:1      | HP: 1/24 [hobgoblin (4)]
   791 | D:1      | Reached skill level 1 in Throwing
   848 | D:1      | Gained mutation: You regenerate a little health from kills. [demonic ancestry]
   848 | D:1      | Reached XP level 3. HP: 29/29 MP: 3/3
  1476 | D:2      | Reached ** piety under Trog
  2273 | D:3      | Gained mutation: Your flesh is heat resistant. (rF+) [demonic ancestry]
  2273 | D:3      | Reached XP level 4. HP: 35/35 MP: 4/4
  3051 | D:4      | Reached skill level 1 in Stealth
  3183 | D:4      | Gained mutation: You are surrounded by a mild repulsion field. (EV +2) [demonic ancestry]
  3183 | D:4      | Reached XP level 5. HP: 16/42 MP: 5/5
  4149 | D:4      | Quit the game

Vault maps used:
D:1:      dpeg_arrival_ternary
D:3:      first_bread

Skill      XL: |  1  2  3  4 |
---------------+-------------+-----
Dodging        | 2 |  2.5
Throwing       | 1 2 |  2.2
Armour         | 2 |  2.2
Unarmed Combat | 3 |  3.3
Stealth        | 1 |  1.4
Fighting       | |  3.7

Action                   |  1- 3 |  4- 6 || total
-------------------------+-------+-------++-------
Melee: Unarmed           |   143 |    92 ||   235
       Punch             |     1 |     1 ||     2
Throw: Stone             |   121 |    48 ||   169
Invok: Berserk           |     2 |     1 ||     3
  Eat: Chunk             |     6 |     7 ||    13
Armor: Animal skin       |    27 |     6 ||    33
       Chain mail        |       |     9 ||     9
       Ring mail         |       |     2 ||     2
Dodge: Dodged            |   111 |    55 ||   166
